 Dungeon Crawl Stone Soup version 0.17-a0-483-g810ce3f (webtiles) character file.

83 Radiman the Cutter (level 4, 0/39 HPs)
             Began as a Minotaur Berserker on Apr 8, 2015.
             Was a Believer of Trog.
             Slain by a killer bee (1 damage)
             ... on level 3 of the Dungeon.
             The game lasted 00:08:27 (2000 turns).

Radiman the Cutter (Minotaur Berserker)             Turns: 2000, Time: 00:08:27

Health: 0/39       AC:  6    Str: 26    XL:     4   Next: 22%
Magic:  3/3        EV:  6    Int:  4    God:    Trog [**....]
Gold:   76         SH:  0    Dex: 10    Spells: 0 memorised, 3 levels left

rFire  . . .     SeeInvis .     d - +2 dagger (venom)
rCold  . . .     Clarity  .     n - +0 ring mail
rNeg   . . .     SustAb   .     (no shield)
rPois  +         Gourm    .     (helmet restricted)
rElec  .         Spirit   .     t - +0 cloak
rCorr  .         Warding  .     (no gloves)
rMut   .         Stasis   .     (no boots)
MR     .....                    (no amulet)
Stlth  ..........               p - +4 ring of strength
                                k - ring of poison resistance

@: lethally poisoned (0 -> -9), not resistant to hostile enchantments, extremely
unstealthy
A: retaliatory headbutt, horns 2
a: Burn Spellbooks, Berserk, Trog's Hand, Renounce Religion


You were on level 3 of the Dungeon.
You worshipped Trog.
Trog was pleased with you.
You were not hungry.

You visited 1 branch of the dungeon, and saw 3 of its levels.

You collected 76 gold pieces.

Inventory:

Hand weapons
 a - a +0 mace
 b - a +1 dagger of electrocution
 d - a +2 dagger of venom (weapon)
Missiles
 h - 5 poisoned needles
Armour
 n - a +0 ring mail (worn)
 t - a +0 cloak (worn)
Jewellery
 k - a ring of poison resistance (left hand)
 p - a +4 ring of strength (right hand)
 q - an uncursed ring of ice
Scrolls
 j - a scroll of identify
 r - a scroll of blinking {unknown}
 s - a scroll of enchant weapon {unknown}
Potions
 e - a potion of curing
 f - 2 potions of resistance {unknown}
 i - a potion of haste {unknown}
 o - a potion of heal wounds {unknown}
Comestibles
 c - 2 bread rations
 g - a slice of pizza
 l - 10 chunks of flesh
 m - a meat ration


   Skills:
 - Level 3.6 Fighting
 * Level 4.2 Short Blades
 - Level 3.7 Maces & Flails
 - Level 2.4 Armour
 - Level 2.1 Dodging


You had 3 spell levels left.
You didn't know any spells.

Dungeon Overview and Level Annotations

Branches:
Dungeon (3/15)

Altars:


Innate Abilities, Weirdness & Mutations

You reflexively headbutt those who attack you in melee.
You have a pair of horns on your head.


Message History

The killer bee barely misses you.
The killer bee stings you but does no damage. x2
You feel sick. The killer bee stings you. The killer bee misses you.
The killer bee stings you.
* * * LOW HITPOINT WARNING * * *
You are lethally poisoned!
The killer bee poisons you!
* * * LOW HITPOINT WARNING * * *
You feel sick. The killer bee closely misses you.
The killer bee stings you but does no damage.
There is a stone staircase leading up here.
* * * LOW HITPOINT WARNING * * *
You feel sick. The killer bee barely misses you.
The killer bee stings you but does no damage.
The killer bee stings you.
* * * LOW HITPOINT WARNING * * *
The killer bee stings you.
* * * LOW HITPOINT WARNING * * *
The killer bee stings you.
You die...

#....# ####.# #######)#
#.......# . #.......#
♣♣♣♣..
#######.......####.....
#..................♣♣♣♣♣
#.............#..#♣..P.♣
#......@....####.♣♣P...P
#.....yyy...# #...P..♣♣
#..)...y....# #♣♣..).♣.
#...........# ♣♣.P)...
#...........# ♣..♣♣..♣
#...K.......####♣♣(P♣..♣
#.♣.♣........[...♣♣.PP♣♣
#..........### #.♣.P♣.#
##♣.♣#♣##### #.......


You could see 4 killer bees and a kobold.

Vanquished Creatures
  2 adders (D:2)
  A worm (D:2)
  6 orcs (D:3)
  A ball python (D:2)
  5 bats (D:1)
  2 giant cockroaches (D:1)
  5 hobgoblins
  2 jackals (D:1)
  9 kobolds
  A quokka (D:2)
  2 giant geckos
  3 giant newts
  4 goblins
  7 rats
50 creatures vanquished.

Notes
Turn   | Place    | Note
--------------------------------------------------------------
     0 | D:1      | Radiman, the Minotaur Berserker, began the quest for the Orb.
     0 | D:1      | Reached XP level 1. HP: 19/19 MP: 0/0
   387 | D:1      | Reached skill level 1 in Short Blades
   601 | D:1      | Reached XP level 2. HP: 24/26 MP: 1/1
   913 | D:1      | Acquired Trog's second power
  1141 | D:2      | Reached XP level 3. HP: 28/31 MP: 2/2
  1617 | D:2      | Reached skill level 4 in Short Blades
  1632 | D:2      | Reached XP level 4. HP: 39/39 MP: 3/3
  2000 | D:3      | HP: 1/39 [killer bee (2)]
  2000 | D:3      | Slain by a killer bee

Action                   |  1- 3 |  4- 6 || total
-------------------------+-------+-------++-------
Melee: Dagger            |    82 |    19 ||   101
       Mace              |     3 |       ||     3
  Use: Scroll            |     5 |       ||     5
  Eat: Chunk             |     2 |     1 ||     3
